 Dungeon Crawl Stone Soup version 0.31-a0-216-g22e908daa7 (webtiles) character file.

Game seed: 10152613560820604848

346 qw the Shooter (level 6, -1/56 HPs)
             Began as a Minotaur Hexslinger on July 2, 2023.
             Slain by a gnoll
             ... wielding a +0 flail
             ... led by a gnoll bouda
              (6 damage)
             ... on level 3 of the Dungeon.
             The game lasted 00:00:39 (1564 turns).

qw the Shooter (Minotaur Hexslinger)                Turns: 1564, Time: 00:00:39

Health: -1/56      AC:  2    Str: 13    XL:     6   Next: 32%
Magic:  6/6        EV: 12    Int: 10    God:
Gold:   140        SH:  0    Dex: 14    Spells: 6/7 levels left

rFire   . . .        Y - +1 sling (freeze)
rCold   . . .        (no shield)
rNeg    . . .        c - +0 robe
rPois   .            (helmet restricted)
rElec   .            (no cloak)
rCorr   .            (no gloves)
SInv    .            (no boots)
Will    .....        (no amulet)
Stlth   +            (no ring)
HPRegen 0.29/turn    (no ring)
MPRegen 0.10/turn

%: no passive effects
@: weakened
A: horns 2, retaliatory headbutt
a: no special abilities


You were on level 3 of the Dungeon.
You visited 1 branch of the dungeon, and saw 3 of its levels.

You collected 140 gold pieces.


Innate Abilities, Weirdness & Mutations

You have a pair of horns on your head.
You reflexively headbutt those who attack you in melee.


   Skills:
 - Level 5.3 Fighting
 + Level 5.6 Ranged Weapons
 - Level 2.1 Dodging
 - Level 1.0 Spellcasting
 - Level 2.0 Hexes


You had 6 spell levels left.
You knew the following spells:

 Your Spells              Type           Power      Damage    Failure   Level
a - Slow                  Hex            16%        N/A       16%         1

Your spell library contained the following spells:

 Spells                   Type           Power      Damage    Failure   Level
 Inner Flame              Hex/Fire       2%         N/A       56%         3
 Portal Projectile        Hex/Tloc       4%         N/A       56%         3
 Cause Fear               Hex            2%         N/A       83%         4

Inventory:

Hand Weapons
 Y - a +1 sling of freezing (weapon)
Armour
 a - a +0 ring mail
 b - a +0 cloak
 c - a +0 robe (worn)
Potions
 d - a potion of brilliance {unknown}
 e - a potion of heal wounds {unknown}
 f - a potion of curing
 g - a potion of attraction {unknown}
 h - a potion of might {unknown}
 i - a potion of lignification {unknown}
 j - a potion of degeneration {unknown}

Dungeon Overview and Level Annotations

Branches:
Dungeon (3/15)

Altars:


Message History

The gnoll hits you from afar with a +0 spear.
You shoot a sling bullet.
The sling bullet closely misses the gnoll.
The gnoll hits you from afar with a +0 spear!
You shoot a sling bullet. The sling bullet hits the gnoll.
The sling bullet freezes the gnoll.
The gnoll is almost dead.
A gnoll comes into view. It is wielding a +0 flail.
The gnoll hits you from afar with a +0 spear!
You shoot a sling bullet. The sling bullet hits the gnoll.
The sling bullet freezes the gnoll.
You kill the gnoll!
A gnoll bouda comes into view. It is wielding a +0 club.
You shoot a sling bullet. The sling bullet hits the gnoll bouda.
The sling bullet freezes the gnoll bouda.
The gnoll bouda is moderately wounded.
The gnoll bouda barks out a call to the hunt!
You shoot a sling bullet.
The sling bullet hits the gnoll bouda but does no damage.
The gnoll bouda is moderately wounded.
The gnoll bouda gazes fiercely through you!
You feel your attacks grow feeble.
The gnoll bouda hits you with a +0 club!
You shoot a sling bullet. The sling bullet hits the gnoll bouda.
The sling bullet freezes the gnoll bouda.
The gnoll bouda is heavily wounded.
The gnoll hits you with a +0 flail.
A gnoll comes into view. It is wielding a +0 club.
The gnoll bouda barely misses you. The gnoll misses you.
You shoot a sling bullet. The sling bullet hits the gnoll bouda!
The sling bullet freezes the gnoll bouda.
You kill the gnoll bouda!
The gnoll hits you with a +0 flail. The gnoll hits you with a +0 club.
You shoot a sling bullet.
The sling bullet closely misses the gnoll.
The gnoll hits you with a +0 flail. The gnoll hits you with a +0 club.
You shoot a sling bullet.
The sling bullet barely misses the gnoll.
The gnoll hits you with a +0 flail.
You die...

#.# #...#.8.#. ####.#
#.#.#...#. ###....#
#...##+##. #.....##
#<#.......
#.....#######.#......#
#...........#.#....#..
#.....#####.# ........
#.....# ....)...
#....@# ####...#
#...gg# #)..# #.....)
.....# ######..
#####)# ... ..# .... #
###.. # ...


You could see 2 gnolls.

Vanquished Creatures
  Sigmund (D:2)
  A howler monkey (D:2)
  A gnoll bouda (D:3)
  A gnoll (D:3)
  5 adders (D:2)
  2 dart slugs (D:1)
  An orc (D:3)
  11 bats
  2 endoplasms (D:2)
  3 giant cockroaches
  7 hobgoblins
  3 jackals (D:2)
  3 kobolds
  3 quokkas
  8 ball pythons
  4 frilled lizards
  3 goblins
  4 rats
63 creatures vanquished.

Notes
Turn   | Place    | Note
-------+----------+-------------------------------------------
     0 | D:1      | qw the Minotaur Hexslinger began the quest for the Orb.
     0 | D:1      | Reached XP level 1. HP: 16/16 MP: 1/1
     0 | D:1      | 0 ||| qw: Version: 0.3-a-35-g05ef00e
     0 | D:1      | 0 ||| qw: Game counter: 7808
     0 | D:1      | 0 ||| qw: Melee chars always use a shield: true
     0 | D:1      | 0 ||| qw: God list: Okawaru
     0 | D:1      | 0 ||| qw: Allow faded altars: false
     0 | D:1      | 0 ||| qw: Do Orc after clearing Dungeon:15 true
     0 | D:1      | 0 ||| qw: Do second Lair branch before Depths: true
     0 | D:1      | 0 ||| qw: Lair rune preference: random
     0 | D:1      | 0 ||| qw: Goals: Normal
     0 | D:1      | 0 ||| PLANNING D:1-11
    84 | D:1      | Reached skill level 3 in Ranged Weapons
    84 | D:1      | Reached XP level 2. HP: 23/23 MP: 2/2
   359 | D:1      | Reached XP level 3. HP: 29/29 MP: 3/3
   483 | D:1      | Found a faded altar of an unknown god.
   760 | D:1      | 760 ||| READING scroll labelled LASMUACSUE.
   761 | D:1      | 761 ||| DRINKING 2 fizzy cyan potions.
   762 | D:1      | 762 ||| DROPPING scroll of poison.
   959 | D:2      | Reached XP level 4. HP: 36/36 MP: 4/4
  1196 | D:2      | Noticed Sigmund
  1204 | D:2      | 1204 ||| DRINKING 2 potions of curing.
  1204 | D:2      | 1204 ||| (to cure confusion)
  1206 | D:2      | Killed Sigmund
  1207 | D:2      | Reached XP level 5. HP: 48/48 MP: 5/5
  1207 | D:2      | Reached XP level 6. HP: 56/56 MP: 6/6
  1353 | D:2      | 1353 ||| READING scroll labelled JOUCOMPOSM.
  1354 | D:2      | 1354 ||| READING scroll labelled ESIOXK LYCIDDUALOI.
  1562 | D:3      | HP: 14/56 [gnoll/+0 flail[a gnoll bouda] (5)]
  1563 | D:3      | HP: 5/56 [gnoll/+0 club[a gnoll bouda] (6)]
  1564 | D:3      | Slain by a gnoll

Levels and vault maps discovered:
D:1:      amcnicky_arrival_feature_with_door, layout_basic,
          shapermc_ecumenical_altar_mp_vishouse, minmay_bisected
D:2:      layout_rooms, kennysheep_generic_room_11, uniq_sigmund
D:3:      layout_basic, mrwooster_statue_mirror, grunt_ministairs_15,
          minivault_4, minmay_misc_feat_room

Skill      XL: |  1  2  3  4 |
---------------+-------------+-----
Ranged Weapons | 3 4 5 |  5.6
Fighting       | 2 5 |  5.3
Dodging        | |  2.1
Spellcasting   | |  1.0
Hexes          | |  2.0

Action                     |  1- 3 |  4- 6 || total
---------------------------+-------+-------++-------
   Fire: Sling             |    88 |    83 ||   171
    Use: Potion            |     1 |     1 ||     2
         Scroll            |     1 |     2 ||     3
 Armour: Robe              |     8 |     6 ||    14
  Dodge: Dodged            |    29 |    20 ||    49

Table legend:
 A = Non-vault XP
 B = Vault XP
 C = Vault XP percentage of total XP
 D = Non-vault monster count
 E = Vault monster count
 F = Vault count percentage of total count
                 A         B        C        D         E       F
            +---------+---------+-------+---------+---------+-------
      Total |     258 |     237 |  47.9 |      54 |       9 |  14.3
            +---------+---------+-------+---------+---------+-------
        D:1 |      43 |       6 |  12.2 |      23 |       4 |  14.8
        D:2 |     155 |     229 |  59.6 |      26 |       3 |  10.3
        D:3 |      60 |       2 |   3.2 |       5 |       2 |  28.6
            +---------+---------+-------+---------+---------+-------
